 Dungeon Crawl Stone Soup version 0.26-a0-1020-ge47f559bc5 (webtiles) character file.

Game seed: 17924403160444117385

25 Morbidden the Conjurer (level 2, -4/19 HPs)
             Began as a Demonspawn Conjurer on Dec 8, 2020.
             Slain by a water moccasin (8 damage)
             ... on level 1 of the Dungeon.
             The game lasted 00:01:14 (1461 turns).

Morbidden the Conjurer (Demonspawn Conjurer)        Turns: 1461, Time: 00:01:15

Health: -4/19      AC:  3    Str:  7    XL:     2   Next: 82%
Magic:  1/5        EV: 12    Int: 19    God:
Gold:   78         SH:  0    Dex: 11    Spells: 4/5 levels left

rFire    . . .     SeeInvis .   (no weapon)
rCold    . . .     Faith    .   (no shield)
rNeg     . . .     Spirit   .   a - +0 robe
rPois    .         Reflect  .   (no helmet)
rElec    .         Harm     .   f - +0 cloak
rCorr    .         Rampage  .   (no gloves)
Will     .....                  (no boots)
Stlth    ++........             (no amulet)
HPRegen  0.06/turn              (no ring)
MPRegen  0.09/turn              (no ring)

@: mighty
A: spiny 1
a: no special abilities


You were on level 1 of the Dungeon.
You visited 1 branch of the dungeon, and saw 2 of its levels.

You collected 78 gold pieces.

Inventory:

Armour
 a - a +0 robe (worn)
 f - a +0 cloak (worn)
Scrolls
 c - a scroll of enchant armour {unknown}
 d - a scroll of blinking {unknown}
Potions
 b - a potion of curing
 e - a potion of degeneration {unknown}
 g - a potion of might


   Skills:
 * Level 0.1 Fighting
 + Level 1.7 Dodging
 + Level 1.8 Stealth
 * Level 2.3 Spellcasting
 * Level 4.6 Conjurations


You had 4 spell levels left.
You knew the following spells:

 Your Spells              Type           Power        Failure   Level
a - Magic Dart            Conj           ###.         2%          1

Your spell library contained the following spells:

 Spells                   Type           Power        Failure   Level
 Searing Ray              Conj           ###...       3%          2
 Dazzling Flash           Conj/Hex       ##....       19%         3
 Fulminant Prism          Conj/Hex       ##........   54%         4
 Iskenderun's Mystic Bla  Conj/Tloc      ##......     54%         4


Dungeon Overview and Level Annotations

Branches:
Dungeon (2/15)

Altars:


Innate Abilities, Weirdness & Mutations

You are partially covered in sharp spines.


Message History

Okay, then.
Unknown command.
Okay, then.
It was a potion of curing.
You feel better.
The water moccasin bites you but does no damage.
The water moccasin bites you!
You are poisoned.
The water moccasin poisons you!
Unknown command.
It was a potion of might.
You feel very mighty all of a sudden.
You feel sick.
The water moccasin is struck by your spines.
The water moccasin bites you.
* * * LOW HITPOINT WARNING * * *
Unknown command.
You feel better. The water moccasin bites you.
* * * LOW HITPOINT WARNING * * *
The water moccasin bites you!
You die...

..♣P♣♣♣♣...+.....<.....'.#..♣♣PPP
...♣♣♣♣....#####...#####.#...♣♣PP
...............##.##.....#...#♣PP
....#....#.###..#.#......#..♣♣♣.P
....#....#.####.#.#......#..♣..P♣
....'...........#.#......#.♣♣.♣♣♣
♣...#....#.####.#+#....###(♣..♣..
♣........+.#.....................
.........###+##.@............##'#
.....###(......S####...##........
.....# #........# ##...##........
....####........###.....#........
....#............................
........................#........
........................#........
........................#........
............###'###.....#........


You could see a water moccasin.

Vanquished Creatures
  An ooze (D:1)
  A dart slug (D:1)
  A leopard gecko (D:1)
  A goblin (D:1)
  3 hobgoblins (D:1)
  A ball python (D:1)
  3 bats (D:1)
  2 frilled lizards (D:1)
  6 kobolds
  A rat (D:1)
20 creatures vanquished.

Notes
Turn   | Place    | Note
-------+----------+-------------------------------------------
     0 | D:1      | Morbidden the Demonspawn Conjurer began the quest for the
                  | Orb.
     0 | D:1      | Reached XP level 1. HP: 13/13 MP: 3/3
   613 | D:1      | Gained mutation: You are partially covered in sharp spines.
                  | [demonic ancestry]
   613 | D:1      | Reached XP level 2. HP: 19/19 MP: 3/5
  1452 | D:2      | Noticed a water moccasin
  1461 | D:1      | Slain by a water moccasin

Illustrated notes

Levels and vault maps discovered:
D:1:      mrwooster_arrival_arrow, layout_basic, serial_forest,
          infiniplex_forest_diagonal, infiniplex_forest_clump_double,
          infiniplex_forest_end_2, infiniplex_forest_join,
          infiniplex_forest_join, infiniplex_forest_zigzag_2,
          infiniplex_forest_lined_room_2
D:2:      layout_basic, uniq_robin

Action                   || total
-------------------------++-------
Melee: Unarmed           ||    18
 Cast: Magic Dart        ||    44
  Use: Potion            ||     3
Armor: Robe              ||     5
Dodge: Dodged            ||     8

Table legend: (Time is in decaauts)
 A = Elapsed time spent in this place.
 B = Non-inter-level travel time spent in this place.
 C = Inter-level travel time spent in this place.
 D = Time resting spent in this place.
 E = Time spent auto-exploring this place.
 F = Levels seen in this place.
 G = Mean time per level.
                   A        B        C        D        E       F      G
               +--------+--------+--------+--------+--------+-----+--------+
         Total |   1461 |   1427 |     34 |    130 |   1129 |   2 |  730.5 |
       Dungeon |   1461 |   1427 |     34 |    130 |   1129 |   2 |  730.5 |
               +--------+--------+--------+--------+--------+-----+--------+

Top non-repeatable levels by time:
     D:1: 1453 daAuts
     D:2: 7 daAuts
